 Dungeon Crawl Stone Soup version 0.31-a0-431-g88bdf31460 (webtiles) character file.

Game seed: 12129195614099071844

70 Zonian the Ruffian (level 4, -5/29 HPs)
             Began as an Octopode Shapeshifter on Aug 1, 2023.
             Was a Follower of Ru.
             Killed by divine providence
             ... invoked by an orc priest
              (11 damage)
             ... on level 3 of the Dungeon.
             The game lasted 00:02:36 (1712 turns).

Zonian the Ruffian (Octopode Shapeshifter)          Turns: 1712, Time: 00:02:36

Health: -5/29      AC:  1    Str: 16    XL:     4   Next: 21%
Magic:  0/4        EV: 13    Int: 10    God:    Ru [*.....]
Gold:   71         SH:  0    Dex: 12    Spells: 3/3 levels left

rFire   . .          .
                       - Unarmed
rCold   + . .        (no shield)
rNeg    . . .        (helmet currently unavailable)
rPois   .            h - amulet of guardian spirit
rElec   .            d - ring of protection from cold
rCorr   .            (no ring)
SInv    .            (no ring)
Will    .....        (no ring)
Stlth   ++           (no ring)
HPRegen 0.24/turn    (no ring)
MPRegen 0.09/turn    (no ring)
                     (no ring)

%: guardian spirit
@: beast-form
A: beast (slay +2), almost no armour, amphibious, 8 rings, camouflage 1,
gelatinous body 1, no hexes magic, no ice magic, no translocations magic,
(nimble swimmer 1), tentacles
a: Begin Untransformation, Renounce Religion


You were on level 3 of the Dungeon.
You worshipped Ru.
Ru was aware of your devotion.
You were a hulking beast.
You visited 1 branch of the dungeon, and saw 3 of its levels.

You collected 71 gold pieces.

Inventory:

Jewellery
 d - a ring of protection from cold (left tentacle)
 h - an amulet of guardian spirit (around mantle)
Talismans
 b - a beast talisman (active)
Scrolls
 f - a scroll of enchant armour {unknown}
 g - a scroll of brand weapon {unknown}
 i - a scroll of immolation {unknown}
 j - a scroll of fear {unknown}
Potions
 a - a potion of lignification
 c - 2 potions of ambrosia {unknown}
 e - 2 potions of curing {unknown}


   Skills:
 + Level 2.0 Fighting
 + Level 2.7 Dodging
 + Level 3.5 Unarmed Combat
 + Level 3.4 Shapeshifting


You had 3 spell levels left.
You didn't know any spells.
Your spell library contained the following spells:

 Spells                   Type           Power      Damage    Failure   Level
 Lesser Beckoning         Tloc           Unusable   N/A       N/A         2
 Gell's Gravitas          Tloc           Unusable   N/A       N/A         3
 Teleport Other           Tloc           Unusable   N/A       N/A         3

Dungeon Overview and Level Annotations

Branches:
Dungeon (3/15)

Altars:
Ru

Annotations:
D:3 Sigmund, Terence


Innate Abilities, Weirdness & Mutations

You are a hulking beast.
Your limbs bulge with bestial killing power. (Slay +2)
You cannot wear most types of armour.
You are amphibious.
You can wear up to eight rings at the same time.
Your skin changes colour to match your surroundings (Stealth+).
Your rubbery body absorbs attacks. (AC +1, EV +1)
You cannot study or cast Hexes magic.
You cannot study or cast Ice magic.
You cannot study or cast Translocations magic.
((You are camouflaged when in or above water. (Stealth+)))
You have tentacles for arms and can constrict up to eight enemies at once.


Message History

There is a stone staircase leading down here.
You climb downwards.
There is a stone staircase leading up here.
There are monsters nearby!
Unknown command.
The helpless ball python fails to defend itself.
You bludgeon the ball python!
You kill the ball python!
The orc wizard shouts!
You hear a shout! x4 2 orcs come into view.
The orc shouts!
An orc priest comes into view. It is wielding a +0 short sword.
You see here a ball python corpse.
You tentacle-slap the orc wizard. You grab the orc wizard.
The orc wizard is moderately wounded.
You constrict the orc wizard. The orc hits you with a +0 short sword.
Terence the Incautious comes into view.
He is wielding a +2 hand axe of freezing.
The orc wizard casts a spell at you. The puff of flame hits you!
Terence shouts!
You tentacle-slap the orc wizard.
You squeeze the orc wizard, but do no damage.
The orc wizard is severely wounded.
You constrict the orc wizard, but do no damage.
The orc hits you with a +0 short sword.
* * * LOW HITPOINT WARNING * * *
The orc wizard hits you with a +0 dagger.
* * * LOW HITPOINT WARNING * * *
You tentacle-slap the orc wizard.
The orc wizard is almost dead.
You constrict the orc wizard.
You kill the orc wizard!
Sigmund the Dreaded comes into view.
He is wielding a +1 scythe of freezing.
Your Fighting skill increases to level 2!
You have reached level 4!
There is a stone staircase leading up here.
Unknown command.
The orc priest mumbles some strange prayers to Beogh against you.
Beogh smites you!
You die...

... ## ..#
@. ..# #.
#..# #. ...
#. ##.#
..#.##.##..#
#.....oooh#
####....###
#@#.## .....
#..#.#. .@
#... . # ..
#..


You could see Terence, an orc priest and 2 orcs.

Vanquished Creatures
  An orc wizard (D:3)
  An adder (D:2)
  A worm (D:2)
  A dart slug (D:1)
  3 endoplasms
  2 giant cockroaches (D:2)
  2 goblins (D:2)
  5 hobgoblins
  6 ball pythons
  2 bats (D:2)
  A frilled lizard (D:2)
  5 kobolds
  3 rats
33 creatures vanquished.

Notes
Turn   | Place    | Note
-------+----------+-------------------------------------------
     0 | D:1      | Zonian the Octopode Shapeshifter began the quest for the
                  | Orb.
     0 | D:1      | Reached XP level 1. HP: 13/13 MP: 1/1
   487 | D:1      | Reached XP level 2. HP: 18/18 MP: 2/2
  1239 | D:2      | Reached XP level 3. HP: 23/23 MP: 3/3
  1328 | D:2      | Found a faded altar of an unknown god.
  1334 | D:2      | Prayed at the altar of an unknown god.
  1334 | D:2      | Became a worshipper of Ru the Awakened
  1337 | D:2      | Gained mutation: You cannot study or cast Ice magic. [Ru
                  | sacrifice]
  1337 | D:2      | Gained mutation: You cannot study or cast Hexes magic. [Ru
                  | sacrifice]
  1337 | D:2      | Gained mutation: You cannot study or cast Translocations
                  | magic. [Ru sacrifice]
  1337 | D:2      | Reached * piety under Ru
  1707 | D:3      | Noticed Terence
  1709 | D:3      | Noticed Sigmund
  1710 | D:3      | Reached XP level 4. HP: 6/29 MP: 1/4
  1712 | D:3      | Killed from afar by an orc priest

Illustrated notes

Levels and vault maps discovered:
D:1:      dpeg_arrival_tiny_a, layout_basic,
          hangedman_abyss_or_decor_lesser_grid
D:2:      layout_basic, hellmonk_ecumenical_altar_inner_sanctum
D:3:      layout_rooms, nicolae_gozag_zags_fifth_avenue, minmay_surrounded,
          uniq_terence, uniq_sigmund, uniq_jessica, uniq_natasha

Skill      XL: |  1  2  3 |
---------------+----------+-----
Fighting       | 2 |  2.0
Dodging        | |  2.7
Unarmed Combat | |  3.5
Shapeshifting  | |  3.4

Action                     |  1- 3 |  4- 6 || total
---------------------------+-------+-------++-------
  Melee: Unarmed           |    61 |       ||    61
         Tentacles         |    12 |       ||    12
         Constrict         |    17 |       ||    17
         Punch             |     1 |       ||     1
 Invoke: Sacrifice Arcana  |     1 |       ||     1
   Stab: Sleeping          |     7 |       ||     7
 Armour: Skin              |     2 |       ||     2
  Dodge: Dodged            |    27 |       ||    27

Table legend: (Time is in decaauts)
 A = Elapsed time spent in this place.
 B = Non-inter-level travel time spent in this place.
 C = Inter-level travel time spent in this place.
 D = Time resting spent in this place.
 E = Time spent auto-exploring this place.
 F = Levels seen in this place.
 G = Mean time per level.
                   A        B        C        D        E       F      G
               +--------+--------+--------+--------+--------+-----+--------+
         Total |   1707 |   1651 |     56 |    219 |   1209 |   3 |  569.0 |
       Dungeon |   1707 |   1651 |     56 |    219 |   1209 |   3 |  569.0 |
               +--------+--------+--------+--------+--------+-----+--------+

Top non-repeatable levels by time:
     D:1: 936 daAuts
     D:2: 762 daAuts
     D:3: 8 daAuts
